 Dungeon Crawl Stone Soup version 0.31-a0-232-gb1c03b2570 (webtiles) character file.

Game seed: 13429834199571476960

123 qw the Shooter (level 5, -4/30 HPs)
             Began as a Gargoyle Hexslinger on July 7, 2023.
             Killed by divine providence
             ... invoked by an orc priest
              (15 damage)
             ... on level 3 of the Dungeon.
             The game lasted 00:00:52 (1826 turns).

qw the Shooter (Gargoyle Hexslinger)                Turns: 1826, Time: 00:00:53

Health: -4/30      AC:  7    Str: 11    XL:     5   Next: 7%
Magic:  6/6        EV: 11    Int: 14    God:
Gold:   149        SH:  0    Dex: 14    Spells: 5/6 levels left

rFire   . . .        Y - +1 sling
rCold   . . .        (no shield)
rNeg    + . .        h - +0 leather armour
rPois   inf          (no helmet)
rElec   +            (no cloak)
rCorr   .            (no gloves)
SInv    .            (no boots)
Will    .....        (no amulet)
Stlth   +            (no ring)
HPRegen 0.25/turn    (no ring)
MPRegen 0.10/turn

%: no passive effects
@: no status effects
A: sickness immunity, AC +4, negative energy resistance 1, electricity
resistance, torment resistance 1, petrification resistance
a: no special abilities


You were on level 3 of the Dungeon.
You visited 1 branch of the dungeon, and saw 3 of its levels.

You collected 149 gold pieces.


Innate Abilities, Weirdness & Mutations

You are immune to sickness and miasma.
Your stone body is resilient. (AC +4)
You are immune to poison.
You resist negative energy. (rN+)
You are resistant to electric shocks. (rElec)
You are resistant to unholy torment.
You are immune to petrification.


   Skills:
 - Level 2.0 Fighting
 + Level 4.8 Ranged Weapons
 - Level 1.5 Dodging
 - Level 1.0 Spellcasting
 - Level 2.6 Hexes


You had 5 spell levels left.
You knew the following spells:

 Your Spells              Type           Power      Damage    Failure   Level
a - Slow                  Hex            32%        N/A       12%         1

Your spell library contained the following spells:

 Spells                   Type           Power      Damage    Failure   Level
 Inner Flame              Hex/Fire       4%         N/A       52%         3
 Portal Projectile        Hex/Tloc       8%         N/A       52%         3
 Cause Fear               Hex            4%         N/A       75%         4

Inventory:

Hand Weapons
 Y - a +1 sling (weapon)
Armour
 e - a +0 ring mail
 h - a +0 leather armour (worn)
Scrolls
 a - a scroll of identify
 i - a scroll of blinking {unknown}
 j - a scroll of acquirement {unknown}
Potions
 b - 2 potions of enlightenment
 c - a potion of might {unknown}
 d - a potion of degeneration {unknown}
 f - a potion of curing {unknown}
 g - a potion of haste {unknown}

Dungeon Overview and Level Annotations

Branches:
Dungeon (3/15)

Altars:
Fedhas
Kikubaaqudgha
Makhleb


Message History

You shoot a sling bullet.
The sling bullet closely misses the adder.
The adder bites you. The orc hits you but does no damage.
The orc barely misses you. The adder bites you but does no damage.
You shoot a sling bullet.
The sling bullet barely misses the adder.
The orc misses you. The orc hits you but does no damage. The adder misses you.
An orc priest comes into view. It is wielding a +0 hand axe.
The orc hits you with a +0 short sword. The orc barely misses you.
The adder bites you.
You shoot a sling bullet.
The sling bullet closely misses the adder.
The orc priest shouts!
The adder bites you but does no damage. The orc hits you but does no damage. x2
You shoot a sling bullet.
The sling bullet closely misses the adder.
The adder bites you but does no damage. The orc hits you but does no damage. x2
The adder bites you but does no damage.
You shoot a sling bullet. The sling bullet hits the adder.
The adder is heavily wounded.
The orc misses you. The orc hits you but does no damage.
The adder barely misses you.
You shoot a sling bullet. The sling bullet hits the adder.
The adder is severely wounded.
The adder barely misses you. The orc closely misses you. x2
The adder bites you but does no damage.
You shoot a sling bullet.
The sling bullet barely misses the adder.
The sling bullet hits the orc priest.
The orc priest is moderately wounded.
The orc hits you but does no damage. The orc barely misses you.
The adder bites you. The orc hits you but does no damage.
The orc barely misses you.
You shoot a sling bullet. The sling bullet hits the adder!
You kill the adder!
The orc misses you. The orc hits you with a +0 short sword.
The orc priest mumbles some strange prayers to Beogh against you.
Beogh smites you!
Ouch! That really hurt!
You die...

####......##
#.........# #........
.......###.##
#.......# ....##.#
#.###### #####+#.#
####.##.. #......# ..
#.##.# ######.# #.##.#
#.# #.##.########.#
########..........##.#
.....Ko@.....####.##.#
.....o.o.....# #.##.#
.......w.....# #....#
........###+## ######
........# ........#
........# ........#


You could see a worm, an orc priest, 2 orcs and a kobold.

Vanquished Creatures
  A gnoll (D:2)
  6 adders
  4 dart slugs
  6 orcs (D:3)
  7 ball pythons
  2 endoplasms
  A giant cockroach (D:2)
  A goblin (D:2)
  10 hobgoblins
  3 jackals
  A quokka (D:2)
  3 bats
  A frilled lizard (D:1)
  3 kobolds
  4 rats
53 creatures vanquished.

Notes
Turn   | Place    | Note
-------+----------+-------------------------------------------
     0 | D:1      | qw the Gargoyle Hexslinger began the quest for the Orb.
     0 | D:1      | Reached XP level 1. HP: 12/12 MP: 2/2
     0 | D:1      | 0 ||| qw: Version: 0.3-a-46-gb1f654a
     0 | D:1      | 0 ||| qw: Game counter: 2472
     0 | D:1      | 0 ||| qw: Melee chars always use a shield: true
     0 | D:1      | 0 ||| qw: God list: Okawaru
     0 | D:1      | 0 ||| qw: Allow faded altars: false
     0 | D:1      | 0 ||| qw: Do Orc after clearing Dungeon:15 true
     0 | D:1      | 0 ||| qw: Do second Lair branch before Depths: true
     0 | D:1      | 0 ||| qw: Lair rune preference: random
     0 | D:1      | 0 ||| qw: Goals: Normal
     0 | D:1      | 0 ||| PLANNING D:1-11
   124 | D:1      | Reached XP level 2. HP: 16/16 MP: 3/3
   227 | D:1      | 227 ||| Stepping ~*~*~tactically~*~*~ (water).
   247 | D:1      | Reached skill level 3 in Ranged Weapons
   678 | D:1      | Found a faded altar of an unknown god.
   716 | D:1      | Reached XP level 3. HP: 16/21 MP: 4/4
   828 | D:1      | 828 ||| READING 2 scrolls labelled POYTAVVAANY.
   829 | D:1      | 829 ||| READING scroll labelled PAMNEAWNOU.
   830 | D:1      | 830 ||| READING scroll labelled PISOCY TICI.
   831 | D:1      | 831 ||| READING scroll labelled BAGRUNL SOALA.
   832 | D:1      | 832 ||| READING scroll labelled PINWUT QOES.
   833 | D:1      | 833 ||| DROPPING scroll of poison.
  1175 | D:2      | Found a burning altar of Makhleb.
  1339 | D:2      | Reached skill level 4 in Ranged Weapons
  1339 | D:2      | Reached XP level 4. HP: 26/26 MP: 5/5
  1485 | D:2      | 1485 ||| FLEEEEING.
  1614 | D:2      | 1614 ||| UPGRADING to +0 leather armour.
  1624 | D:2      | 1624 ||| DROPPING +0 robe.
  1625 | D:2      | 1625 ||| DROPPING amulet of magic regeneration.
  1626 | D:2      | 1626 ||| READING scroll labelled MEUDDU ROOM.
  1631 | D:2      | 1631 ||| DRINKING 3 puce potions.
  1632 | D:2      | 1632 ||| DRINKING 2 lumpy coppery potions.
  1633 | D:2      | 1633 ||| DROPPING potion of brilliance.
  1693 | D:3      | Found a blossoming altar of Fedhas.
  1694 | D:3      | Found an ancient bone altar of Kikubaaqudgha.
  1749 | D:3      | Reached XP level 5. HP: 30/30 MP: 6/6
  1826 | D:3      | Killed from afar by an orc priest

Levels and vault maps discovered:
D:1:      sevenhm_arrival_forest_fort_large_1, layout_basic,
          ebering_ecumenical_altar_webs, st_stairs_4, serial_bayou_ford_a
D:2:      minmay_razor_zed, layout_rooms, basic_altar, reono_crystal_passage,
          minmay_liquid_box
D:3:      layout_basic, grunt_temple_overflow_growth_and_decay, trog_antimagical

Skill      XL: |  1  2  3 |
---------------+----------+-----
Ranged Weapons | 3 4 |  4.8
Fighting       | 2 |  2.0
Dodging        | |  1.5
Spellcasting   | |  1.0
Hexes          | |  2.6

Action                     |  1- 3 |  4- 6 || total
---------------------------+-------+-------++-------
   Fire: Sling             |   114 |   114 ||   228
    Use: Scroll            |     5 |     1 ||     6
         Potion            |       |     2 ||     2
 Armour: Robe              |    22 |    26 ||    48
         Leather armour    |       |    23 ||    23
  Dodge: Dodged            |    36 |    84 ||   120

Table legend:
 A = Non-vault XP
 B = Vault XP
 C = Vault XP percentage of total XP
 D = Non-vault monster count
 E = Vault monster count
 F = Vault count percentage of total count
                 A         B        C        D         E       F
            +---------+---------+-------+---------+---------+-------
      Total |     123 |      67 |  35.3 |      36 |      17 |  32.1
            +---------+---------+-------+---------+---------+-------
        D:1 |      27 |       8 |  22.9 |      13 |       5 |  27.8
        D:2 |      58 |      59 |  50.4 |      12 |      12 |  50.0
        D:3 |      38 |       0 |   0.0 |      11 |       0 |   0.0
            +---------+---------+-------+---------+---------+-------
